 Dungeon Crawl Stone Soup version 0.25-a0-1024-gbfbf38f2cb (webtiles) character file.

Game seed: 4956540065675187665, levelgen mode: classic

207 Amnesiac the Twirler (level 5, 0/30 HPs)
             Began as a Deep Elf Gladiator on May 12, 2020.
             Slain by an orc
             ... wielding a +0 mace
              (3 damage)
             ... on level 4 of the Dungeon.
             The game lasted 00:02:59 (514 turns).

Amnesiac the Twirler (Deep Elf Gladiator)            Turns: 514, Time: 00:03:00

Health: 0/30       AC:  6    Str: 17    XL:     5   Next: 54%
Magic:  7/7        EV: 12    Int: 13    God:
Gold:   2          SH:  0    Dex: 13    Spells: 4/4 levels left

rFire    . . .     SeeInvis .   j - +2 glaive of Contradiction {pain, +Rage rC+ Str+5 Dex-3} (curse)
rCold    + . .     Gourm    .   (shield currently unavailable)
rNeg     . . .     Faith    .   n - +0 ring mail
rPois    .         Spirit   .   c - +0 helmet
rElec    .         Reflect  .   (no cloak)
rCorr    .         Harm     .   (no gloves)
MR       .....                  (no boots)
Stlth    +.........             (no amulet)
HPRegen  0.10/turn              (no ring)
MPRegen  0.10/turn              (no ring)

@: lethally poisoned (0 -> -3)
A: no striking features
a: Evoke Berserk Rage


You were on level 4 of the Dungeon.
You were not hungry.

You visited 1 branch of the dungeon, and saw 5 of its levels.

You collected 2 gold pieces.

Inventory:

Hand Weapons
 a - a +0 quarterstaff
 j - the cursed +2 glaive of Contradiction (weapon) {pain, +Rage rC+ Str+5 Dex-3}
   (You found it on level 5 of the Dungeon)

   In the hands of one skilled in necromantic magic, it inflicts extra damage on
   living creatures.
   It affects your strength (+5).
   It affects your dexterity (-3).
   It protects you from cold.
   It lets you go berserk.
   It has a curse placed upon it.
Missiles
 d - 3 throwing nets {!F}
 e - 28 stones (quivered)
Armour
 c - a +0 helmet (worn)
 n - a +0 ring mail (worn)
Wands
 m - a wand of enslavement (8)
Scrolls
 i - 3 scrolls of identify {!r, unknown}
 k - a scroll of remove curse {!r, unknown}
 l - a scroll of teleportation {!r, unknown}
Potions
 h - a potion of degeneration {!q, unknown}
Comestibles
 f - a ration
 g - 3 chunks of flesh


   Skills:
 + Level 1.8 Fighting
 * Level 5.7 Staves
 - Level 2.0 Throwing
 + Level 1.7 Armour
 - Level 3.6 Dodging


You had 4 spell levels left.
You didn't know any spells.
Your spell library was empty.

Dungeon Overview and Level Annotations

Branches:
Dungeon (5/15)
 Temple: D:4-7

Altars:


Message History

You slide downwards.
The hatch slams shut behind you. 2 orcs and a phantom come into view.
The orc shouts!
An orc comes into view. It is wielding a +0 flail.
The phantom hits you.
The phantom hits you but does no damage.
Found a scroll labeled BUNOIT SOTERPH.
An orc comes into view. It is wielding a +0 hand axe.
Unknown command.
You barely miss the phantom.
The orc shouts!
A giant cockroach comes into view.
The phantom hits you.
The phantom blinks!
An orc priest comes into view. It is wielding a +0 dagger.
Found 15 gold pieces.
A scorpion comes into view.
The phantom blinks!
Found 10 gold pieces.
Found a robe.
You hit the scorpion.
The scorpion is lightly wounded.
The scorpion stings you but does no damage.
The scorpion misses you.
You hit the scorpion but do no damage.
The scorpion is lightly wounded.
The scorpion misses you.
You slash the scorpion!
The scorpion is severely wounded.
The scorpion misses you. The scorpion barely misses you.
You barely miss the scorpion.
The scorpion is severely wounded.
The scorpion stings you.
You are poisoned.
The scorpion poisons you! The scorpion barely misses you.
You closely miss the scorpion.
The scorpion is severely wounded.
You feel sick. The scorpion misses you.
You slash the scorpion!
You kill the scorpion!
You feel sick.
The phantom blinks!
Attack whom?
Press: ? - help, Dir - move target cursor, f - orc
Aim: an orc, wielding a +0 hand axe You reach to attack!
You barely miss the orc.
You feel sick.
You slash the orc!
You kill the orc!
The jackal skeleton barely misses you.
You slash the jackal skeleton!
You destroy the jackal skeleton!
You feel sick. The orc hits you with a +0 flail!
* * * LOW HITPOINT WARNING * * *
The phantom blinks!
You fail to use your ability.
You feel sick. The orc hits you with a +0 mace.
* * * LOW HITPOINT WARNING * * *
The orc priest hits you with a +0 dagger.
* * * LOW HITPOINT WARNING * * *
You slash the orc priest!
The orc priest is severely wounded.
The orc closely misses you.
The orc priest mumbles some strange prayers to Beogh against you.
Pain shoots through your body!
* * * LOW HITPOINT WARNING * * *
The orc hits you with a +0 mace.
You die...

.. #.............
..........##...
.......###.# ...
...#.... .. . ...##..
#.. #...... . .##
####.##.##[. .#
#.##..o$.#.....
##....@o........
#.###.#..oo.........
.........###)##ยง#..
........####.# .##. .
#........##.#$.... ..
#........#.........
...#.....?..o.........
.........o.#..........
.........o.#..........


You could see an orc priest and 3 orcs.

Vanquished Creatures
  A sky beast (D:3)
  A scorpion (D:4)
  An orc wizard (D:3)
  An adder (D:3)
  A worm (D:3)
  6 orcs
  A bat (D:3)
  A giant cockroach (D:3)
  2 goblins
  A hobgoblin (D:2)
  2 kobolds (D:3)
  A quokka (D:3)
  A ball python (D:5)
  A frilled lizard (D:1)
  A jackal skeleton (D:4)
  2 rats
24 creatures vanquished.

Notes
Turn   | Place    | Note
-------+----------+-------------------------------------------
     0 | D:1      | Amnesiac the Deep Elf Gladiator began the quest for the
                  | Orb.
     0 | D:1      | Reached XP level 1. HP: 12/12 MP: 3/3
   104 | D:4      | Noticed an iguana
   112 | D:5      | Entered Level 5 of the Dungeon
   117 | D:5      | Got a crude glaive
   118 | D:5      | Identified the cursed +2 glaive of Contradiction {pain,
                  | +Rage rC+ Str+5 Dex-3} (You found it on level 5 of the
                  | Dungeon)
   160 | D:3      | Reached XP level 2. HP: 16/16 MP: 4/4
   167 | D:3      | Reached skill level 1 in Armour
   284 | D:3      | Reached XP level 3. HP: 15/20 MP: 5/5
   293 | D:3      | Reached skill level 4 in Staves
   317 | D:3      | Noticed a sky beast
   323 | D:3      | Killed a sky beast
   323 | D:3      | Reached skill level 5 in Staves
   323 | D:3      | Reached XP level 4. HP: 13/25 MP: 6/6
   323 | D:3      | Reached XP level 5. HP: 16/29 MP: 7/7
   491 | D:4      | Noticed a phantom
   514 | D:4      | Slain by an orc

Illustrated notes

Levels and vault maps discovered:
D:1:      minmay_arrival_loop, layout_basic
D:2:      layout_loops_ring, lemuel_round_altar, first_ration
D:3:      layout_loops_ring, lemuel_round_altar, old_standard_altar, minitemple
D:4:      layout_cave_pools, temple_pool_b, nicolae_alphabet_shops,
          chequers_serial_rivers_micro_d
D:5:      layout_rooms, overflow_temple_1_default, ebering_ghost_rock_garden

Skill      XL: |  1  2  3 |
---------------+----------+-----
Armour         | 1 |  1.7
Staves         | 5 |  5.7
Fighting       | |  1.8
Throwing       | |  2.0
Dodging        | |  3.6

Action                   |  1- 3 |  4- 6 || total
-------------------------+-------+-------++-------
Melee: Quarterstaff      |     5 |       ||     5
       Glaive            |    33 |    11 ||    44
Throw: Stone             |     5 |       ||     5
 Abil: Evoke Berserk Rag |     1 |       ||     1
 Stab: Sleeping          |     1 |       ||     1
Armor: Leather armour    |     7 |       ||     7
       Ring mail         |     3 |     2 ||     5
Dodge: Dodged            |    34 |     8 ||    42

Table legend:
 A = Non-vault XP
 B = Vault XP
 C = Vault XP percentage of total XP
 D = Non-vault monster count
 E = Vault monster count
 F = Vault count percentage of total count
                 A         B        C        D         E       F
            +---------+---------+-------+---------+---------+-------
      Total |     297 |       0 |   0.0 |      24 |       0 |   0.0
            +---------+---------+-------+---------+---------+-------
        D:1 |       2 |       0 |   0.0 |       2 |       0 |   0.0
        D:2 |       4 |       0 |   0.0 |       2 |       0 |   0.0
        D:3 |     220 |       0 |   0.0 |      16 |       0 |   0.0
        D:4 |      70 |       0 |   0.0 |       3 |       0 |   0.0
        D:5 |       1 |       0 |   0.0 |       1 |       0 |   0.0
            +---------+---------+-------+---------+---------+-------
